 Dungeon Crawl Stone Soup version 0.18-a0-1354-gbc5753f (webtiles) character file.

115 Ratboiler the Charmwright (level 4, 0/25 HPs)
             Began as a Deep Elf Wanderer on Feb 19, 2016.
             Succumbed to a worker ant's poison
             ... on level 4 of the Dungeon.
             The game lasted 00:05:26 (2527 turns).

Ratboiler the Charmwright (Deep Elf Wanderer)       Turns: 2527, Time: 00:05:26

Health: 0/25       AC:  3    Str:  5    XL:     4   Next: 68%
Magic:  0/6        EV: 13    Int: 21    God:
Gold:   142        SH:  0    Dex: 15    Spells: 2 memorised, 0 levels left

rFire  . . .     SeeInvis .     a - +2 dagger
rCold  . . .     Gourm    .     e - +0 robe
rNeg   . . .     Faith    .     (no shield)
rPois  .         Spirit   .     (no helmet)
rElec  .         Dismiss  .     (no cloak)
rCorr  .         Reflect  .     (no gloves)
SustAt .         Harm     .     l - +0 pair of boots
MR     .....                    (no amulet)
Stlth  +++.......               (no ring)
                                (no ring)

@: lethally poisoned (0 -> -7), infused (expiring), not resistant to hostile
enchantments, fairly stealthy
A: agile 1, weak 1
a: no special abilities


You were on level 4 of the Dungeon.
You were not hungry.

You visited 1 branch of the dungeon, and saw 4 of its levels.

You collected 142 gold pieces.

Inventory:

Hand Weapons
 a - a +2 dagger (weapon)
 b - a +0 dagger of speed
 d - a +0 spear
Missiles
 k - 32 poisoned needles
Armour
 e - a +0 robe (worn)
 l - a +0 pair of boots (worn)
Jewellery
 q - an uncursed amulet of the gourmand {unknown}
Scrolls
 g - a scroll of fog {unknown}
 i - a scroll of identify {unknown}
 j - a scroll of blinking {unknown}
 m - a scroll of random uselessness {unknown}
Potions
 h - a potion of haste
Books
 c - the Volume of Benedictions

   Spells                             Type                      Level
   a - Infusion                       Charms                       1
   b - Shroud of Golubria             Charms/Translocation         2
Comestibles
 f - 2 bread rations
 n - 3 beef jerkies
 p - 2 chunks of flesh


   Skills:
 - Level 1.0 Fighting
 - Level 1.0 Polearms
 - Level 1.0 Throwing
 + Level 3.5 Dodging
 + Level 4.7 Stealth
 - Level 7.2 Charms


You couldn't memorise any spells.
You knew the following spells:

 Your Spells              Type           Power        Failure   Level  Hunger
a - Infusion              Chrm           ####         1%          1    ##.....
b - Shroud of Golubria    Chrm/Tloc      ###.......   8%          2    ###....


Dungeon Overview and Level Annotations

Branches:
Dungeon (4/15)
 Temple: D:4-7

Altars:


Innate Abilities, Weirdness & Mutations

You are agile. (Dex +2)
You are weak. (Str -2)


Message History

You barely miss the worker ant.
The worker ant is moderately wounded.
Your magical infusion is running out.
* * * LOW HITPOINT WARNING * * *
You feel sick. The worker ant barely misses you.
The worker ant bites you but does no damage.
Unknown command.
Drink which item? (? for menu, Esc to quit)
It was a potion of mutation.
You feel extremely strange.
You feel agile.
You feel weaker. The worker ant barely misses you.
You hit the worker ant.
The worker ant is moderately wounded.
* * * LOW HITPOINT WARNING * * *
You feel sick. The worker ant misses you.
Unknown command.
You barely miss the worker ant.
The worker ant is moderately wounded.
You die...

.. .#
#.##.##
##.....#
......#
#.....#
#.....#
#..a..#
#@# #.#
#.#
####.##
#.....#
#.##..#
# #...#
#)#.#.#
#.#.#.#


You could see a worker ant.

Vanquished Creatures
  2 worker ants (D:4)
  A gnoll (D:3)
  2 adders (D:2)
  A worm (D:2)
  A giant gecko (D:1)
  4 giant cockroaches
  6 goblins
  2 hobgoblins
  4 jackals
  2 kobolds
  3 bats (D:1)
  4 giant newts
  5 rats
37 creatures vanquished.

Notes
Turn   | Place    | Note
--------------------------------------------------------------
     0 | D:1      | Ratboiler the Deep Elf Wanderer began the quest for the Orb.
     0 | D:1      | Ratboiler set off with: a +2 dagger, a potion of haste, the Volume of Benedictions, a +0 spear, a +0 robe, a bread ration
     0 | D:1      | Reached XP level 1. HP: 12/12 MP: 3/3
     0 | D:1      | Identified the Volume of Benedictions
   240 | D:1      | Reached XP level 2. HP: 9/16 MP: 4/4
   390 | D:1      | Learned a level 1 spell: Infusion
  1400 | D:2      | Reached XP level 3. HP: 13/20 MP: 5/5
  2063 | D:3      | Reached XP level 4. HP: 11/25 MP: 1/6
  2414 | D:4      | Noticed a phantom
  2454 | D:4      | Learned a level 2 spell: Shroud of Golubria
  2525 | D:4      | Gained mutation: You are agile. (Dex +2) [potion of mutation]
  2525 | D:4      | Gained mutation: You are weak. (Str -2) [potion of mutation]
  2526 | D:4      | HP: 1/25 [poisoned by a worker ant]
  2527 | D:4      | Succumbed to a worker ant's poison

Vault maps used:
D:1:      minmay_arrival_five_plusses, amethyst_killhole
D:2:      first_bread

Action                   |  1- 3 |  4- 6 || total
-------------------------+-------+-------++-------
Melee: Dagger            |   140 |    19 ||   159
 Cast: Infusion          |     1 |     2 ||     3
       Shroud of Golubri |       |     3 ||     3
  Use: Potion            |     3 |     1 ||     4
 Stab: Sleeping          |     6 |     1 ||     7
  Eat: Chunk             |     4 |       ||     4
       Pizza             |       |     1 ||     1
